 Dungeon Crawl Stone Soup version 0.29-a0-311-gcbd9eb2193 (webtiles) character file.

Game seed: 7746943254463939249

1951 night the Quickloader (level 9, -1/57 HPs)
             Began as a Kobold Hunter on Mar 27, 2022.
             Was an Initiate of Dithmenos.
             Slain by a two-headed ogre
             ... wielding a +0 giant club
              (15 damage)
             ... on level 6 of the Dungeon on Mar 28, 2022.
             The game lasted 00:12:49 (6919 turns).

night the Quickloader (Kobold Hunter)               Turns: 6919, Time: 00:12:50

Health: -1/57      AC: 18    Str:  8    XL:     9   Next: 41%
Magic:  9/9        EV: 18    Int: 11    God:    Dithmenos [......]
Gold:   271        SH:  0    Dex: 28    Spells: 8/8 levels left

rFire   . . .      SeeInvis .   v - +0 hand axe (venom)
rCold   . . .      Faith    .   (no shield)
rNeg    . . .      Spirit   .   G - quicksilver dragon scales
rPois   .          Reflect  .   z - +0 helmet
rElec   .          Harm     .   (no cloak)
rCorr   .          Rampage  .   E - +2 pair of gloves
Will    +....                   m - +0 pair of boots
Stlth   +++.......              F - amulet of regeneration
HPRegen 0.99/turn               p - +4 ring of protection
MPRegen 0.11/turn               A - +6 ring of dexterity

@: no status effects
A: small, no large weapons, nightstalker 3
a: Renounce Religion


You were on level 6 of the Dungeon.
You worshipped Dithmenos.
Dithmenos was noncommittal.
You visited 2 branches of the dungeon, and saw 7 of its levels.

You collected 271 gold pieces.

Inventory:

Hand Weapons
 a - a +1 hand crossbow
 b - a +0 rapier
 v - a +0 hand axe of venom (weapon)
 w - a +2 dagger of flaming
 D - a +0 falchion
Missiles
 g - 216 stones
 l - 3 boomerangs of dispersal
 s - 7 boomerangs
Armour
 m - a +0 pair of boots (worn)
 t - a +0 ring mail of fire resistance
 z - a +0 helmet (worn)
 E - a +2 pair of gloves (worn)
 G - quicksilver dragon scales (worn)
Jewellery
 p - a +4 ring of protection (left hand)
 A - a +6 ring of dexterity (right hand)
 F - an amulet of regeneration (around neck)
Wands
 n - a wand of iceblast (10)
Scrolls
 c - 4 scrolls of immolation
 e - 3 scrolls of teleportation
 u - a scroll of fog {unknown}
 y - a scroll of acquirement {unknown}
 B - a scroll of silence {unknown}
 C - 4 scrolls of identify
Potions
 d - a potion of brilliance {unknown}
 f - a potion of haste {unknown}
 h - 2 potions of lignification {unknown}
 i - a potion of ambrosia {unknown}
 j - 2 potions of cancellation
 k - a potion of curing
 o - 2 potions of flight {unknown}
 q - a potion of magic {unknown}
 r - a potion of heal wounds {unknown}
 x - a potion of invisibility {unknown}


   Skills:
 + Level 7.6 Fighting
 + Level 4.7 Short Blades
 + Level 10.2 Crossbows
 + Level 7.3 Dodging
 - Level 1.3 Stealth


You had 8 spell levels left.
You didn't know any spells.
Your spell library contained the following spells:

 Spells                   Type           Power      Damage    Failure   Level
 Animate Skeleton         Necr           0%         N/A       73%         1
 Apportation              Tloc           0%         N/A       73%         1
 Summon Small Mammal      Summ           0%         N/A       73%         1
 Ignite Poison            Fire/Tmut/Pois 0%         N/A       97%         3
 Mephitic Cloud           Conj/Pois/Air  0%         N/A       97%         3
 Alistair's Intoxication  Tmut/Pois      0%         N/A       100%        5
 Borgnjor's Vile Clutch   Necr/Erth      0%         N/A       100%        5
 Freezing Cloud           Conj/Ice/Air   0%         6-21      100%        5
 Eringya's Noxious Bog    Tmut/Pois      0%         N/A       100%        6


Dungeon Overview and Level Annotations

Branches:
Dungeon (6/15)             Temple (1/1) D:6

Altars:
Ashenzari
Cheibriados
Dithmenos
Elyvilon
Fedhas
Hepliaklqana
Makhleb
Nemelex Xobeh
Okawaru
Qazlal
Ru
Sif Muna
Trog
Uskayaw
Vehumet
Wu Jian
Xom
Yredelemnul
Zin
The Shining One

Shops:
D:6 (


Innate Abilities, Weirdness & Mutations

You are small and have problems with some larger weapons.
You are completely attuned to the shadows.


Message History

Things that are here:
a +0 leather armour; a +0 whip; an orc skeleton
Things that are here:
a +0 robe; a +0 dagger; an orc skeleton
Found a leather armour.
g - 216 stones (gained 13)
A two-headed ogre and an orc come into view.
The two-headed ogre is wielding a +0 giant club and a +1 dire flail of venom.
You shoot a bolt. The bolt hits the two-headed ogre.
The two-headed ogre is lightly wounded.
The orc shouts!
You hear an angry hiss.
You hear a shout!
You shoot a bolt. The bolt hits the two-headed ogre.
The two-headed ogre is lightly wounded.
The two-headed ogre completely misses you.
The two-headed ogre closely misses you.
Your +0 hand axe of venom begins to drip with poison!
v - a +0 hand axe of venom (weapon)
You hit the two-headed ogre.
The two-headed ogre is moderately wounded.
The two-headed ogre closely misses you.
The two-headed ogre hits you with a +1 dire flail of venom!
You are poisoned.
You hit the two-headed ogre.
The two-headed ogre is moderately wounded.
You feel very sick. The two-headed ogre closely misses you.
The two-headed ogre hits you with a +1 dire flail of venom!!
You are lethally poisoned!
You hit the two-headed ogre.
The two-headed ogre is poisoned.
The two-headed ogre is moderately wounded.
* * * LOW HITPOINT WARNING * * *
You feel extremely sick. The two-headed ogre misses you.
The two-headed ogre hits you with a +1 dire flail of venom!
* * * LOW HITPOINT WARNING * * *
You are more poisoned.
You feel better.
The two-headed ogre attacks as you move away!
The two-headed ogre hits you with a +0 giant club!
You die...

..#...# ..#.>.# ..# ..#
......... ..# .........
..# #....... ### #.o...#
# #O######## # #@##.....#
#.##.....#
################.##.....#
..[.....................#
####.8.#.########.......#
#..).).# ###.....#
#8.>.8.# #.[...# #..[...#
#.....# ##.8.### #.....#


You could see a two-headed ogre (very poisoned) and an orc.

Vanquished Creatures
  Pikel (D:4)
  An orc warrior (D:6)
  4 centaurs (D:6)
  2 gnoll sergeants
  3 scorpions
  2 necrophages
  A howler monkey (D:5)
  A gnoll shaman (D:6)
  2 orc priests
  A hound (D:5)
  A jelly (D:5)
  2 iguanas (D:5)
  5 orc wizards
  12 gnolls
  7 adders
  2 shadow imps (D:6)
  2 ufetubi (D:6)
  4 worms
  4 dart slugs
  21 orcs
  7 ball pythons
  4 endoplasms
  2 giant cockroaches
  5 goblins
  6 hobgoblins
  10 jackals
  8 kobolds
  A quokka (D:1)
  4 bats
  3 frilled lizards
  11 rats
139 creatures vanquished.

Vanquished Creatures (others)
  An orc wizard (D:4)
1 creature vanquished.

Grand Total: 140 creatures vanquished

Notes
Turn   | Place    | Note
-------+----------+-------------------------------------------
     0 | D:1      | night the Kobold Hunter began the quest for the Orb.
     0 | D:1      | Reached XP level 1. HP: 12/12 MP: 1/1
   198 | D:1      | Reached XP level 2. HP: 18/18 MP: 2/2
   657 | D:1      | Reached XP level 3. HP: 23/23 MP: 3/3
   796 | D:1      | Reached skill level 6 in Crossbows
   998 | D:2      | Found a faded altar of an unknown god.
  1243 | D:2      | Reached XP level 4. HP: 28/28 MP: 4/4
  2101 | D:3      | Reached XP level 5. HP: 33/33 MP: 5/5
  2489 | D:3      | Reached skill level 7 in Crossbows
  2505 | D:3      | Reached XP level 6. HP: 31/39 MP: 6/6
  3218 | D:4      | Reached skill level 5 in Fighting
  3389 | D:4      | Reached XP level 7. HP: 29/44 MP: 7/7
  3714 | D:4      | Noticed Pikel
  3758 | D:4      | Killed Pikel
  3759 | D:4      | Reached skill level 8 in Crossbows
  3759 | D:4      | Reached skill level 5 in Dodging
  3759 | D:4      | Reached XP level 8. HP: 27/51 MP: 8/8
  4398 | D:5      | Entered Level 5 of the Dungeon
  4516 | D:5      | Reached skill level 9 in Crossbows
  4558 | D:5      | Reached skill level 1 in Short Blades
  5177 | D:5      | Reached skill level 2 in Short Blades
  5833 | D:6      | Reached XP level 9. HP: 57/57 MP: 9/9
  5956 | D:6      | Reached skill level 10 in Crossbows
  6011 | D:6      | Found Coef's Weapon Shoppe.
  6322 | D:6      | Found a staircase to the Ecumenical Temple.
  6351 | Temple   | Entered the Ecumenical Temple
  6838 | Temple   | Upgraded the game from 0.29-a0-307-gecccbbdb84 to
                  | 0.29-a0-311-gcbd9eb2193
  6840 | Temple   | Became a worshipper of Dithmenos the Shadowed
  6910 | D:6      | Noticed a two-headed ogre
  6917 | D:6      | HP: 4/57 [two-headed ogre/+0 giant club (12)]
  6919 | D:6      | Slain by a two-headed ogre

Illustrated notes

Levels and vault maps discovered:
D:1:      kilobyte_arrival_exit_the_forest, layout_loops_ring
D:2:      layout_basic, dreamdust_ecumenical_altar_grove
D:3:      layout_basic
D:4:      layout_cave_pods, gup_sewer_entry_glass, hangedman_decor_lopped,
          uniq_pikel
D:5:      layout_basic
D:6:      layout_rooms, minmay_temple_entry_statues_pillars, serial_shops, shop,
          nicolae_elevator_lobby_plus
Temple:   mainiacjoe_temple_big_plus

Skill      XL: |  1  2  3  4  5  6  7  8  9 |
---------------+----------------------------+-----
Fighting       | 3 4 5 6 7 |  7.6
Crossbows      | 6 7 8 9 10 | 10.2
Dodging        | 3 4 5 6 7 |  7.3
Short Blades   | 3 4 |  4.7
Stealth        | |  1.3

Action                   |  1- 3 |  4- 6 |  7- 9 || total
-------------------------+-------+-------+-------++-------
Melee: Hand axe          |       |    14 |   102 ||   116
       Rapier            |       |       |    21 ||    21
       Punch             |       |       |     3 ||     3
 Fire: Hand crossbow     |    80 |   138 |   104 ||   322
  Use: Potion            |       |     2 |     1 ||     3
       Scroll            |       |     5 |       ||     5
 Stab: Sleeping          |       |       |     3 ||     3
       Distracted        |       |       |     1 ||     1
Armor: Leather armour    |     4 |     7 |       ||    11
       Ring mail         |       |    46 |    63 ||   109
       Quicksilver drago |       |       |    24 ||    24
Dodge: Dodged            |    20 |    79 |   255 ||   354

Table legend: (Time is in decaauts)
 A = Elapsed time spent in this place.
 B = Non-inter-level travel time spent in this place.
 C = Inter-level travel time spent in this place.
 D = Time resting spent in this place.
 E = Time spent auto-exploring this place.
 F = Levels seen in this place.
 G = Mean time per level.
                   A        B        C        D        E       F      G
               +--------+--------+--------+--------+--------+-----+--------+
         Total |   7041 |   6841 |    200 |    738 |   4997 |   7 | 1005.9 |
       Dungeon |   6529 |   6351 |    178 |    738 |   4523 |   6 | 1088.2 |
        Temple |    511 |    489 |     22 |      0 |    474 |   1 |  511.0 |
               +--------+--------+--------+--------+--------+-----+--------+

Top non-repeatable levels by time:
     D:4: 1590 daAuts
     D:5: 1361 daAuts
     D:2: 1057 daAuts
     D:1: 974 daAuts
     D:3: 857 daAuts
     D:6: 688 daAuts
  Temple: 511 daAuts
